Map: Frozen Temple

Players

Fropez - Winner!

  • Race: Protoss Protoss
  • League: Silver
  • Spawn Location: 5:00

voodochile

  • Race: Zerg Zerg
  • League: Gold
  • Spawn Location: 11:00

VOD

Have the link to the VOD?

Description

Time

  • Played on: May 18, 2016, 6:21 p.m.
  • Length: 16:41
Show
View Real Time Build Order
Export as new Build Order

Fropez Protoss - Winner!

Build Orders:  

Get SALT Encoding   

  12  0:01  Probe (Chrono Boost)  
  13  0:15  Pylon  
  13  0:18  Probe (Chrono Boost)  
  14  0:34  Gateway  
  15  0:35  Probe (Chrono Boost)  
  15  0:43  Assimilator  
  15  0:46  Probe (Chrono Boost)  
  16  1:06  Gateway  
  16  1:16  Pylon  
  16  1:17  Probe (Chrono Boost)  
  17  1:19  Assimilator  
  17  1:28  Probe (Chrono Boost)  
  18  1:34  Cybernetics Core  
  18  1:39  Probe (Chrono Boost)  
  19  1:49  Probe (Chrono Boost)  
  20  2:00  Probe (Chrono Boost)  
  21  2:11  Adept x2  
  21  2:12  Warp Gate (Chrono Boost)  
  21  2:14  Probe  
  26  2:26  Probe  
  27  2:34  Pylon  
  27  2:38  Probe  
  28  2:46  Pylon  
  28  2:50  Probe  
  28  2:54  Adept  
  30  2:58  Pylon  
  30  3:02  Probe  
  31  3:10  Forge  
  31  3:16  Adept, Probe  
  31  3:17  Pylon  
  34  3:21  Adept  
  26  4:32  Photon Cannon  
  26  4:34  Gateway  
  26  4:36  Protoss Ground Weapons Level 1 (Chrono Boost)  
  26  4:37  Pylon  
  26  4:38  Gateway  
  27  4:39  Mothership Core  
  28  4:46  Adept x2  
  32  5:00  Probe  
  33  5:09  Adept x2  
  33  5:12  Probe  
  38  5:19  Robotics Facility  
  38  5:24  Probe  
  39  5:33  Adept x4  
  47  6:03  Probe  
  52  6:11  Immortal  
  52  6:12  Twilight Council  
  52  6:21  Pylon  
  52  6:24  Nexus  
  52  6:25  Probe  
  45  6:56  Adept  
  45  6:57  Adept x3  
  45  6:59  Immortal  
  51  7:03  Resonating Glaives (Chrono Boost)  
  51  7:05  Protoss Ground Weapons Level 2  
  51  7:07  Probe  
  52  7:24  Gateway x2  
  52  7:25  Photon Cannon  
  52  7:46  Probe  
  52  7:47  Probe  
  50  7:58  Probe  
  50  8:02  Pylon  
  50  8:05  Pylon  
  51  8:12  Assimilator  
  51  8:13  Stalker  
  51  8:15  Assimilator  
  53  8:32  Adept x4  
  61  8:47  Probe  
  61  8:48  Probe  
  61  8:51  Observer  
  64  8:58  Probe  
  64  9:00  Probe  
  66  9:09  Probe  
  66  9:12  Immortal (Chrono Boost)  
  66  9:15  Robotics Facility  
  71  9:25  Protoss Ground Armor Level 1 (Chrono Boost)  
  67  9:48  Probe  
  67  9:49  Probe  
  67  9:51  Immortal (Chrono Boost)  
  67  9:53  Adept x6  
  67  9:59  Probe  
  79  10:02  Probe  
  73  10:21  Adept x2  
  73  10:22  Adept x4  
  85  10:32  Immortal (Chrono Boost)  
  89  10:36  Pylon  
  89  10:37  Probe  
  89  10:42  Pylon  
  94  10:55  Immortal (Chrono Boost)  
  94  11:03  Probe  
  94  11:04  Probe  
  94  11:06  Pylon  
  96  11:14  Immortal (Chrono Boost)  
  100  11:21  Probe  
  100  11:22  Probe  
  100  11:24  Protoss Ground Weapons Level 3 (Chrono Boost)  
  106  11:34  Immortal (Chrono Boost)  
  106  11:58  Nexus  
  106  12:01  Pylon  
  106  12:04  Photon Cannon  
  106  12:08  Pylon  
  106  12:16  Pylon  
  106  12:19  Pylon  
  106  12:20  Pylon  
  106  12:34  Immortal  
  107  12:45  Stalker x2  
  108  12:51  Stalker  
  108  12:54  Assimilator  
  108  12:55  Assimilator  
  108  13:26  Immortal  
  112  13:36  Photon Cannon  
  112  13:51  Photon Cannon, Stalker x4  
  112  13:53  Photon Cannon  
  112  13:55  Photon Cannon  
  120  13:58  Photon Cannon  
  120  13:59  Stalker x2  
  124  14:03  Probe  
  124  14:04  Probe x2  
  127  14:18  Templar Archives  
  127  14:21  Pylon  
  127  14:26  Adept x4  
  99  14:47  Stalker x4  
  101  15:03  Probe x2  
  101  15:04  Probe  
  100  15:35  Zealot  
  100  15:36  Zealot x5  
  116  15:57  Immortal x2  
  116  16:01  High Templar x3  
  116  16:02  High Templar x3  
  130  16:08  Gateway  
  130  16:11  Archon x2, Gateway  
  118  16:12  Archon  
Show
View Real Time Build Order
Export as new Build Order

voodochile Zerg 

Build Orders: Hatch First 

Get SALT Encoding   

  12  0:03  Drone  
  13  0:13  Overlord  
  13  0:23  Drone  
  14  0:32  Drone  
  14  0:33  Drone  
  16  0:36  Drone  
  17  0:51  Extractor  
  16  1:02  Hatchery  
  15  1:24  Drone x3  
  17  1:46  Spawning Pool  
  16  1:48  Drone  
  16  1:49  Drone  
  19  2:01  Drone  
  19  2:16  Drone  
  20  2:29  Drone  
  21  2:32  Overlord  
  21  2:33  Queen  
  21  2:35  Zergling x4  
  25  2:37  Metabolic Boost  
  25  2:56  Roach Warren, Drone x2  
  26  3:00  Drone x3  
  26  3:03  Queen  
  31  3:09  Extractor  
  31  3:12  Zergling x2  
  23  3:42  Queen  
  25  3:57  Zergling x8  
  25  3:58  Zergling x4  
  29  4:21  Queen  
  29  4:23  Drone x3  
  33  4:30  Drone  
  33  4:31  Drone x2  
  36  4:38  Lair  
  36  4:42  Overlord  
  36  4:48  Evolution Chamber  
  35  4:54  Drone  
  36  5:07  Drone  
  36  5:12  Roach  
  36  5:13  Roach  
  36  5:14  Overlord  
  41  5:15  Roach  
  41  5:16  Zergling x2  
  44  5:32  Overlord  
  44  5:34  Drone  
  44  5:35  Drone x2  
  47  5:38  Roach x2  
  47  5:39  Overlord  
  47  5:41  Zergling x2  
  52  5:45  Overseer  
  50  5:53  Roach x3  
  56  5:58  Roach  
  58  6:04  Queen  
  60  6:16  Drone  
  60  6:17  Drone x2  
  63  6:21  Glial Reconstitution  
  58  7:09  Extractor, Roach  
  58  7:10  Extractor, Roach x4  
  66  7:18  Hydralisk Den  
  65  7:36  Hatchery  
  48  7:53  Drone  
  48  7:54  Drone x4  
  51  7:59  Drone  
  52  8:05  Spire  
  52  8:10  Zergling x2  
  52  8:11  Zergling x16  
  60  8:32  Overlord x2  
  60  8:33  Overlord x2  
  60  8:36  Overlord  
  60  8:40  Zerg Ground Armor Level 1  
  60  8:45  Evolution Chamber  
  59  8:50  Evolution Chamber  
  59  8:51  Drone x3  
  59  8:53  Queen  
  59  8:54  Drone  
  64  9:06  Pneumatized Carapace  
  64  9:11  Hydralisk x2  
  64  9:12  Hydralisk, Roach x3  
  64  9:16  Drone x2  
  78  9:19  Overlord  
  78  9:21  Drone  
  78  9:22  Drone  
  80  9:26  Zergling x4  
  80  9:27  Zergling x2  
  80  9:29  Drone  
  84  9:31  Queen  
  84  9:33  Drone  
  78  10:02  Roach  
  78  10:03  Roach x4  
  86  10:25  Drone  
  86  10:26  Drone x4  
  91  10:28  Extractor  
  91  10:31  Extractor  
  89  10:38  Infestation Pit  
  89  10:41  Zerg Melee Weapons Level 1, Zerg Missile Weapons Level 1  
  88  10:47  Mutalisk x5  
  98  10:57  Drone  
  98  10:58  Drone x4  
  98  11:02  Mutalisk  
  98  11:03  Mutalisk x3  
  111  11:08  Zergling x6  
  111  11:10  Overlord x3  
  114  11:14  Hive  
  114  11:17  Overseer x3  
  114  11:31  Overlord x3  
  114  11:33  Zerg Ground Armor Level 2  
  114  11:39  Roach x4  
  122  11:41  Zergling x4  
  124  12:12  Muscular Augments  
  124  12:30  Hatchery  
  117  13:12  Drone x3  
  120  13:13  Hydralisk  
  120  13:14  Hydralisk x10  
  120  13:19  Roach x8  
  158  13:23  Overlord x3  
  158  13:25  Roach x2  
  162  13:27  Overlord  
  162  13:30  Zerg Flyer Weapons Level 1  
  162  13:32  Zerg Missile Weapons Level 2  
  162  13:33  Zerg Melee Weapons Level 2  
  162  13:41  Overseer x3  
  162  13:45  Queen  
  162  13:46  Drone  
  165  14:05  Drone x2  
  167  14:10  Extractor  
  167  14:15  Drone  
  91  14:51  Zergling x2  
  91  14:52  Zergling x14  
  83  14:55  Hydralisk x2  
  83  14:56  Hydralisk, Roach x2  
  83  14:57  Zergling x2  
  83  14:58  Zergling x6  
  89  15:04  Mutalisk x3  
  95  15:13  Roach  
  86  15:32  Zergling x2  
  86  15:33  Zergling x8  
  78  15:38  Zergling x2  
  78  15:39  Zergling x8  
  78  15:41  Zergling x8  
  79  15:44  Zergling x2  
  79  15:45  Zergling x4  
  79  15:47  Zergling x2  
  48  16:31  Hatchery  
Tags
 
Matchup
PvZ
Replay Pack
All Mines
Spawn Locations
Cross Positions
Add a new tag
Caveats
  • Supply blocks, unpowered buildings, or Contaminate may cause inaccurate times.
  • Supply counts are checked every 10 seconds.